 Dungeon Crawl Stone Soup version 0.31.0-1-g2c135a008e (webtiles) character file.

Game seed: 6784030136991389265

231 Colgate the Insei (level 6, -3/43 HPs)
             Began as a Djinni Gladiator on Jan 20, 2024.
             Was an Initiate of Cheibriados.
             Slain by an ogre
             ... wielding a +0 giant club
              (22 damage)
             ... on level 4 of the Dungeon.
             The game lasted 00:09:55 (2665 turns).

Colgate the Insei (Djinni Gladiator)                Turns: 2665, Time: 00:09:56

Health: -3/43      AC: 11    Str: 14    XL:     6   Next: 24%
Gold:   154        EV:  4    Int: 18    God:    Cheibriados [......] SH:  0 Dex: 16

rFire   + +          .
                       - Unarmed
rCold   x . .        (no shield)
rNeg    . . .        o - +0 plate armour
rPois   ∞            b - +0 helmet
rElec   .            (no cloak)
rCorr   .            (no gloves)
SInv    .            (boots unavailable)
Will    .....        (no amulet) Stlth
                     e - +6 ring of intelligence
HPRegen 0.27/turn    (no ring)
MPRegen 0.00/turn

%: infuse magic (-4 HP)
@: flying, very slow
A: sickness immunity, fire resistance 2, cold vulnerability 1, float, innate
caster, HP casting, extra vitality 1
a: Renounce Religion


You were on level 4 of the Dungeon.
You worshipped Cheibriados.
Cheibriados was noncommittal.
You visited 1 branch of the dungeon, and saw 4 of its levels.

You collected 154 gold pieces.

Inventory:

Missiles
 c - 3 throwing nets (quivered) {!f}
 d - a javelin
Armour
 b - a +0 helmet (worn)
 f - a +0 leather armour
 j - a +0 ring mail
 m - a +0 scale mail
 o - a +0 plate armour (worn)
 x - a +0 kite shield
Jewellery
 e - a +6 ring of intelligence (left hand)
Wands
 l - a wand of flame (21)
Scrolls
 a - a scroll of summoning {unknown}
 g - a scroll of poison {unknown}
 i - a scroll of teleportation {unknown}
 k - a scroll of torment {unknown}
 n - a scroll of revelation {unknown}
 p - a scroll of acquirement {unknown}
 q - a scroll of immolation {unknown}
 s - 3 scrolls of fear {unknown}
 t - a scroll of fog {unknown}
 w - a scroll of enchant armour {unknown}
 y - a scroll of vulnerability {unknown}
Potions
 h - a potion of curing {@q1}
 r - a potion of mutation {unknown}
 u - a potion of ambrosia {unknown}
 v - a potion of degeneration {unknown}


   Skills:
 - Level 2.0 Fighting
 - Level 1.5 Throwing
 - Level 3.2 Dodging
 + Level 6.5 Unarmed Combat


You knew the following spells:

 Your Spells              Type           Power      Damage    Failure   Level
a - Slow                  Hex            0%         N/A       100%        1
b - Ensorcelled Hibernat  Hex/Ice        0%         N/A       100%        2
Your spell library was empty.


Dungeon Overview and Level Annotations

Branches:
Dungeon (4/15)
 Temple: D:4-7

Altars:
Cheibriados
Gozag
The Shining One


Innate Abilities, Weirdness & Mutations

You are immune to sickness and miasma.
You are immune to poison.
Your flesh is very heat resistant. (rF++)
You are vulnerable to cold. (rC-)
You float through the air rather than walking.
You learn spells naturally, not from books.
Your magical power is your life essence.
You have superior vitality. (+4 MHP)


Message History

Cheibriados appreciates the change of pace.
No target in view!
No target in view!
No target in view!
You see here a ball python corpse.
Found a hand axe.
No target in view!
You see here a +0 hand axe.
Found a ring mail.
Found a stone staircase leading up.
No target in view!
An ogre comes into view. It is wielding a +0 giant club.
A quokka comes into view.
You punch the quokka!
You kill the quokka!
Cheibriados appreciates the change of pace.
There is a stone staircase leading up, spattered with blood here.
You see here a quokka corpse.
You fly upwards.
There is a stone staircase leading down here.
You see here a +0 leather armour.
There is a stone staircase leading down here.
You fly downwards.
There is a stone staircase leading up here.
No target in view!
You now have 147 gold pieces (gained 21).
You now have 154 gold pieces (gained 7).
The ogre shouts!
Okay, then.
Okay, then.
Okay, then.
You hit the ogre. You punch the ogre. The ogre hits you with a +0 giant club!
You hit the ogre but do no damage. You punch the ogre! You punch the ogre.
The ogre hits you with a +0 giant club!!
Ouch! That really hurt!
You are too injured to fight recklessly!
It was a potion of curing.
You feel better.
The ogre hits you with a +0 giant club!!
Ouch! That really hurt!
You die...

................#.##..##
.....#####.#...........#
.....# #.######.##..>#
#.#### #.#<.....# #.#
#.# #.#####..# #.# #.#
#..# #.# #.# #..##.# ..#
#.# #O....# ..#
#.#####@#### ..#
#.#........#
..########.#.####.#.#
#.#............##.#.#
#.#.#######....##.#.#
#.# #....##.#.# #.#
##.####.#.# #.# #.#
#.#.# #.# #.####.#.#


You could see an ogre.

Vanquished Creatures
  A crimson imp (D:3)
  A hound (D:3)
  Jessica (D:2)
  Terence (D:3)
  5 adders
  4 ribbon worms
  An orc (D:3)
  8 endoplasms
  6 giant cockroaches
  5 hobgoblins
  2 jackals (D:2)
  3 quokkas
  3 ball pythons (D:4)
  4 bats
  4 frilled lizards
  2 goblin skeletons (D:3)
  2 hobgoblin zombies (D:3)
  7 kobolds
  A kobold skeleton (D:3)
  A kobold zombie (D:3)
  2 orc skeletons (D:3)
  2 orc zombies (D:3)
  3 rats
69 creatures vanquished.

Notes
Turn   | Place    | Note
-------+----------+-------------------------------------------
     0 | D:1      | Colgate the Djinni Gladiator began the quest for the Orb.
     0 | D:1      | Reached XP level 1. HP: 18/18 MP: 0/0
   120 | D:1      | Reached XP level 2. HP: 23/23 MP: 0/0
   466 | D:2      | Reached skill level 4 in Unarmed Combat
   466 | D:2      | Reached XP level 3. HP: 19/28 MP: 0/0
   466 | D:2      | Learned a level 1 spell: Slow
   708 | D:2      | Found an opulent altar of Gozag.
   902 | D:2      | Reached XP level 4. HP: 29/33 MP: 0/0
  1220 | D:3      | Noticed a torpor snail
  1220 | D:3      | Noticed Jessica
  1233 | D:2      | Killed Jessica
  1234 | D:2      | Reached skill level 5 in Unarmed Combat
  1297 | D:3      | Found a snail-covered altar of Cheibriados.
  1297 | D:3      | Noticed a torpor snail
  1299 | D:3      | Noticed a torpor snail
  1348 | D:3      | Found a glowing golden altar of the Shining One.
  1381 | D:3      | Reached XP level 5. HP: 38/38 MP: 0/0
  1381 | D:3      | Learned a level 2 spell: Ensorcelled Hibernation
  1404 | D:3      | Became a worshipper of the Shining One
  1492 | D:3      | Reached skill level 6 in Unarmed Combat
  1657 | D:3      | Noticed Terence
  1767 | D:3      | Killed Terence
  1768 | D:3      | Reached XP level 6. HP: 31/43 MP: 0/0
  2085 | D:3      | Fell from the grace of the Shining One
  2085 | D:3      | Became a worshipper of Cheibriados the Contemplative
  2535 | D:4      | Noticed an ogre
  2665 | D:4      | Slain by an ogre

Illustrated notes

Levels and vault maps discovered:
D:1:      scummos_arrival_hexagon, layout_rooms
D:2:      layout_loops_ring, basic_altar
D:3:      layout_rooms, cheibriados_altar_2, nicolae_tso_besieged_by_evil,
          uniq_terence, uniq_jessica
D:4:      layout_basic, uniq_edmund

Skill      XL: |  1  2  3  4  5 |
---------------+----------------+-----
Unarmed Combat | 4 5 6 |  6.5
Fighting       | |  2.0
Throwing       | |  1.5
Dodging        | |  3.2

Action                     |  1- 3 |  4- 6 || total
---------------------------+-------+-------++-------
  Melee: Quarterstaff      |    83 |    13 ||    96
         Unarmed           |     5 |   146 ||   151
         Punch             |       |     7 ||     7
    Use: Potion            |       |     1 ||     1
 Armour: Leather armour    |    21 |       ||    21
         Ring mail         |     9 |       ||     9
         Scale mail        |    20 |       ||    20
         Plate armour      |     4 |   134 ||   138
  Dodge: Dodged            |    48 |    24 ||    72
